Map: Dusk Towers

Players

Grumm - Winner!

  • Race: Protoss Protoss
  • League: Gold

A.I. 1 (Harder)

  • Race: Zerg Zerg

VOD

Have the link to the VOD?

Description

Time

  • Played on: Jan. 8, 2016, 5:53 p.m.
  • Length: 11:19
Show
View Real Time Build Order
Export as new Build Order

Grumm Protoss - Winner!

Build Orders: Zealot Archon, Dark Templar Rush 

Get SALT Encoding   

  12  0:01  Probe (Chrono Boost)  
  13  0:12  Probe (Chrono Boost)  
  14  0:21  Pylon  
  14  0:22  Probe (Chrono Boost)  
  15  0:30  Assimilator  
  15  0:39  Probe (Chrono Boost)  
  16  0:44  Gateway  
  16  0:49  Probe (Chrono Boost)  
  17  0:57  Assimilator  
  17  1:00  Probe (Chrono Boost)  
  18  1:10  Probe (Chrono Boost)  
  19  1:14  Pylon  
  19  1:21  Probe (Chrono Boost)  
  20  1:31  Probe (Chrono Boost)  
  20  1:32  Cybernetics Core  
  21  1:37  Zealot  
  23  1:42  Probe (Chrono Boost)  
  24  1:52  Gateway  
  24  1:56  Probe (Chrono Boost)  
  25  2:06  Probe (Chrono Boost)  
  26  2:09  Warp Gate (Chrono Boost)  
  26  2:29  Nexus  
  26  2:31  Probe  
  27  2:37  Adept  
  27  2:42  Sentry  
  31  2:51  Pylon  
  31  3:00  Twilight Council  
  31  3:08  Pylon  
  31  3:09  Probe  
  32  3:13  Stalker  
  34  3:29  Probe  
  34  3:33  Assimilator  
  35  3:37  Dark Shrine  
  35  3:41  Assimilator, Probe  
  35  3:43  Probe  
  37  3:53  Probe  
  38  4:06  Gateway  
  38  4:08  Gateway  
  38  4:15  Probe  
  38  4:16  Probe  
  40  4:19  Zealot  
  40  4:23  Stalker  
  44  4:33  Pylon  
  44  4:37  Gateway  
  44  4:44  Stalker  
  46  4:50  Dark Templar  
  48  5:18  Dark Templar  
  48  5:20  Nexus  
  50  5:25  Pylon  
  50  5:28  Probe  
  51  5:33  Dark Templar  
  53  5:42  Probe  
  53  5:43  Probe  
  53  5:46  Dark Templar  
  57  5:52  Probe  
  57  5:55  Probe  
  59  6:12  Probe  
  59  6:13  Probe  
  59  6:15  Dark Templar x2  
  59  6:16  Dark Templar  
  67  6:22  Probe  
  67  6:25  Probe  
  67  6:35  Robotics Facility  
  67  6:38  Assimilator, Probe  
  67  6:39  Gateway  
  68  6:46  Stalker x2  
  68  6:54  Probe x2  
  68  6:55  Probe  
  71  7:03  Pylon  
  71  7:04  Probe  
  71  7:07  Probe  
  73  7:09  Probe  
  73  7:15  Probe  
  74  7:16  Archon x2  
  74  7:17  Archon  
  74  7:19  Probe  
  74  7:22  Observer  
  77  7:26  Forge  
  77  7:28  Forge  
  77  7:30  Probe x2  
  77  7:31  Assimilator, Probe  
  80  7:37  Dark Templar x2  
  80  7:40  Probe x2  
  80  7:44  Probe  
  87  8:00  Protoss Ground Weapons Level 1 (Chrono Boost)  
  87  8:01  Protoss Ground Armor Level 1 (Chrono Boost)  
  87  8:02  Dark Templar  
  87  8:03  Dark Templar x3  
  95  8:06  Probe  
  95  8:09  Pylon  
  95  8:11  Probe  
  96  8:13  Pylon  
  96  8:15  Immortal  
  96  8:16  Archon x2  
  96  8:17  Archon  
  101  8:27  Pylon, Probe x2  
  101  8:29  Photon Cannon  
  101  8:32  Photon Cannon  
  103  8:34  Pylon  
  103  8:39  Adept x3  
  109  8:49  Stalker x2  
  109  8:50  Stalker  
  109  8:54  Probe x2  
  109  8:55  Probe  
  118  9:03  Immortal  
  122  9:14  Pylon  
  122  9:17  Pylon, Dark Templar x2  
  122  9:20  Photon Cannon  
  126  9:24  Pylon  
  126  9:34  Robotics Bay  
  126  9:45  Gateway  
  126  9:47  Pylon  
  126  9:48  Stalker  
  126  9:49  Stalker x2  
  126  9:51  Nexus  
  130  10:08  Archon  
  129  10:21  Zealot x2  
  129  10:22  Zealot x4  
  137  10:52  Stalker x2  
  137  10:53  Stalker x4  
Show
View Real Time Build Order
Export as new Build Order

A.I. 1 (Harder) Zerg 

Build Orders: Pool First 

Get SALT Encoding   

  12  0:00  Drone  
  13  0:12  Overlord  
  13  0:17  Drone  
  14  0:30  Drone x2  
  16  0:43  Spawning Pool  
  16  0:44  Drone  
  16  0:48  Drone  
  17  0:52  Extractor  
  17  0:55  Drone  
  17  1:05  Overlord  
  17  1:31  Zergling x2  
  18  1:33  Queen  
  18  1:36  Roach Warren  
  18  1:38  Drone, Zergling x2  
  21  1:41  Extractor  
  20  1:49  Drone  
  21  1:59  Drone  
  22  2:10  Zergling x2  
  23  2:21  Drone  
  24  2:31  Overlord  
  24  2:38  Lair  
  24  2:39  Drone, Zergling x2  
  26  3:16  Zergling x2, Overlord  
  27  3:24  Metabolic Boost  
  27  3:27  Zergling x2  
  28  3:34  Zergling x2  
  28  3:37  Drone, Hydralisk Den  
  28  3:38  Infestation Pit  
  28  3:50  Drone  
  29  4:06  Hydralisk  
  31  4:17  Swarm Host  
  31  4:20  Overlord  
  34  4:24  Swarm Host  
  38  4:31  Drone, Hydralisk  
  38  4:35  Drone  
  41  4:42  Drone  
  42  4:46  Drone, Swarm Host  
  42  4:47  Drone  
  47  4:54  Drone  
  48  5:04  Overlord  
  48  5:06  Baneling Nest  
  47  5:15  Evolution Chamber, Drone  
  47  5:18  Drone  
  48  5:54  Zergling x2  
  49  6:04  Overseer, Roach  
  49  6:05  Zerg Melee Weapons Level 1  
  49  6:06  Spore Crawler  
  49  6:07  Spore Crawler  
  49  6:09  Drone  
  47  6:11  Hatchery, Roach  
  44  6:18  Roach  
  42  6:25  Roach  
  42  6:35  Roach  
  36  6:48  Hydralisk  
  36  6:53  Drone  
  37  6:59  Drone  
  38  7:07  Drone  
  39  7:13  Drone  
  40  7:19  Drone  
  41  7:24  Drone  
  42  7:31  Drone  
  44  7:37  Drone  
  44  7:42  Drone  
  45  7:47  Drone  
  45  7:50  Drone  
  47  7:55  Drone  
  49  7:58  Drone  
  49  8:02  Drone  
  49  8:05  Drone  
  51  8:09  Drone  
  51  8:11  Drone  
  53  8:16  Hydralisk  
  55  8:23  Hydralisk  
  55  8:24  Drone  
  55  8:26  Drone  
  59  8:28  Drone  
  59  8:32  Drone  
  61  8:35  Overlord  
  61  8:37  Drone  
  61  8:40  Drone  
  63  8:42  Drone  
  63  8:44  Drone  
  65  8:52  Drone  
  65  8:53  Zergling x2  
  67  9:00  Overlord  
  67  9:01  Drone  
  67  9:02  Drone  
  69  9:04  Drone  
  70  9:14  Muscular Augments  
  70  9:18  Burrow  
  70  9:20  Roach  
  72  9:27  Roach  
  72  9:29  Overlord  
  74  9:34  Roach  
  76  9:42  Roach  
  77  9:47  Overseer  
  77  9:49  Overlord, Roach  
  75  9:55  Hydralisk  
  60  10:02  Hydralisk  
  52  10:10  Zergling x2, Extractor  
  52  10:12  Zergling x2  
  49  10:15  Overlord  
  49  10:19  Hydralisk  
  45  10:23  Extractor  
  45  10:25  Overlord  
  40  10:31  Evolution Chamber  
  29  10:47  Overlord  
  23  10:54  Overlord  
Tags
 
Composition
Zealot Archon
League
Gold
Matchup
PvZ
Opening
Pool First
Replay Pack
sc2 replays 2016
Add a new tag
Caveats
  • Supply blocks, unpowered buildings, or Contaminate may cause inaccurate times.
  • Supply counts are checked every 10 seconds.